| TOP OF THE 1ST |
|
New York Yankees batting - Pitching for Toronto Blue Jays : RHP Justin Sedivy
|
|
Pitching: RHP Justin Sedivy
|
|
|
Batting: RHB Russ Shambaugh
|
0-0: Swinging Strike 0-1: Ball 1-1: Ball 2-1: Foul Ball, location: 2F 2-2: SINGLE (Groundball, 56D, EV 106.9 MPH)
|
|
Batting: RHB Jeckel Hester
|
0-0: Grounds into double play, 4-6-3 (Groundball, 34, EV 85.0 MPH)
|
|
Batting: SHB Gus Berry
|
0-0: Ball 1-0: Called Strike 1-1: Foul Ball, location: 2F 1-2: Foul Ball, location: 2F 1-2: Ball 2-2: Ball 3-2: Foul Ball, location: 2F 3-2: Ground out U3 (Groundball, 3, EV 84.4 MPH)
|
| Top of the 1st over - 0 runs, 1 hit, 0 errors, 0 left on base; New York 0 - Toronto 0 |
| BOTTOM OF THE 1ST |
|
Toronto Blue Jays batting - Pitching for New York Yankees : RHP Bryce Cleavinger
|
|
Pitching: RHP Bryce Cleavinger
|
|
|
Batting: RHB Donny Burnside
|
0-0: SINGLE (Line Drive, 6M, EV 98.8 MPH)
|
|
Batting: RHB Danny Burnside
|
0-0: Called Strike 0-1: Ball 1-1: Foul Ball, location: 2F 1-2: Ball 2-2: Strikes out swinging
|
|
Batting: RHB Efrain Vargas
|
0-0: Ball 1-0: SINGLE (Groundball, 6MD, EV 98.1 MPH) Donny Burnside to second Runner from 2nd tries for 3rd, SAFE, throw by CF made to third
|
|
Batting: LHB Willis Robles
|
0-0: Ball 1-0: Called Strike 1-1: Swinging Strike 1-2: Foul Ball, location: 2F 1-2: Foul Ball, location: 2F 1-2: Foul Ball, location: 2F 1-2: Foul Ball, location: 2F 1-2: Ball 2-2: Ball 3-2: Strikes out swinging
|
|
Batting: SHB Dominik Hasek II
|
0-0: Ball 1-0: Ball 2-0: Ball 3-0: Base on Balls Efrain Vargas to second
|
|
Batting: RHB Butch Kaiser
|
0-0: Called Strike 0-1: Ground out 5-3 (Groundball, 56S, EV 82.5 MPH)
|
| Bottom of the 1st over - 0 runs, 2 hits, 0 errors, 3 left on base; New York 0 - Toronto 0 |
| TOP OF THE 2ND |
|
New York Yankees batting - Pitching for Toronto Blue Jays : RHP Justin Sedivy
|
|
Batting: SHB Mukhtar Wa'il
|
0-0: Fly out, F3 (Popup, 23F, EV 92.5 MPH)
|
|
Batting: RHB Larry Martell
|
0-0: Ground out 5-3 (Groundball, 5, EV 82.5 MPH)
|
|
Batting: RHB Shiro Suehiro
|
0-0: Ball 1-0: Ball 2-0: Ball 3-0: Swinging Strike 3-1: Foul Ball, location: 2F 3-2: Foul Ball, location: 2F 3-2: Foul Ball, location: 2F 3-2: Base on Balls
|
|
Batting: LHB Joel Vera
|
0-0: Ball 1-0: Ground out 4-3 (Groundball, 4, EV 105.6 MPH)
|
| Top of the 2nd over - 0 runs, 0 hits, 0 errors, 1 left on base; New York 0 - Toronto 0 |
| BOTTOM OF THE 2ND |
|
Toronto Blue Jays batting - Pitching for New York Yankees : RHP Bryce Cleavinger
|
|
Batting: RHB Brock Van Gilder
|
0-0: Ball 1-0: Called Strike 1-1: Swinging Strike 1-2: Ball 2-2: Fly out, F8 (Flyball, 8RD, EV 101.9 MPH)
|
|
Batting: LHB Michael Byrd
|
0-0: Foul Ball, location: 2F 0-1: Foul Ball, location: 2F 0-2: Fly out, F7 (Line Drive, 7S, EV 104.4 MPH)
|
|
Batting: RHB Mike Harkins
|
0-0: Ball 1-0: Called Strike 1-1: Ground out 3-1 (Groundball, 34, EV 83.1 MPH)
|
| Bottom of the 2nd over - 0 runs, 0 hits, 0 errors, 0 left on base; New York 0 - Toronto 0 |
| TOP OF THE 3RD |
|
New York Yankees batting - Pitching for Toronto Blue Jays : RHP Justin Sedivy
|
|
Batting: RHB Geni Prawiranega
|
0-0: Fly out, F8 (Line Drive, 8RS, EV 95.6 MPH)
|
|
Batting: RHB Ryan Neal
|
0-0: Ground out 4-3 (Groundball, 4, EV 86.2 MPH)
|
|
Batting: RHB Russ Shambaugh
|
0-0: Ball 1-0: Ball 2-0: Ground out 5-3 (Groundball, 5L, EV 104.4 MPH)
|
| Top of the 3rd over - 0 runs, 0 hits, 0 errors, 0 left on base; New York 0 - Toronto 0 |
| BOTTOM OF THE 3RD |
|
Toronto Blue Jays batting - Pitching for New York Yankees : RHP Bryce Cleavinger
|
|
Batting: RHB Donny Burnside
|
0-0: Fly out, F9 (Flyball, 89S, EV 93.8 MPH)
|
|
Batting: RHB Danny Burnside
|
0-0: DOUBLE (Line Drive, 89D, EV 101.9 MPH)
|
|
Batting: RHB Efrain Vargas
|
0-0: Called Strike 0-1: Called Strike 0-2: Ball 1-2: Foul Ball, location: 2F 1-2: Strikes out swinging
|
|
Batting: LHB Willis Robles
|
0-0: Ball 1-0: Ground out 5-3 (Groundball, 56S, EV 79.4 MPH)
|
| Bottom of the 3rd over - 0 runs, 1 hit, 0 errors, 1 left on base; New York 0 - Toronto 0 |
| TOP OF THE 4TH |
|
New York Yankees batting - Pitching for Toronto Blue Jays : RHP Justin Sedivy
|
|
Batting: RHB Jeckel Hester
|
0-0: Fly out, F9 (Line Drive, 9LM, EV 94.4 MPH)
|
|
Batting: SHB Gus Berry
|
0-0: Called Strike 0-1: Ball 1-1: Called Strike 1-2: Fly out, F8 (Flyball, 8RM, EV 93.1 MPH)
|
|
Batting: SHB Mukhtar Wa'il
|
0-0: SINGLE (Groundball, 4D, EV 103.1 MPH)
|
|
Batting: RHB Larry Martell
|
0-0: Ball 1-0: Foul Ball, location: 2F 1-1: Foul Ball, location: 2F 1-2: Ball 2-2: Ball 3-2: Strikes out looking
|
| Top of the 4th over - 0 runs, 1 hit, 0 errors, 1 left on base; New York 0 - Toronto 0 |
| BOTTOM OF THE 4TH |
|
Toronto Blue Jays batting - Pitching for New York Yankees : RHP Bryce Cleavinger
|
|
Batting: SHB Dominik Hasek II
|
0-0: Swinging Strike 0-1: Ball 1-1: Swinging Strike 1-2: Ground out U3 (Groundball, 13, EV 90.6 MPH)
|
|
Batting: RHB Butch Kaiser
|
0-0: Called Strike 0-1: Called Strike 0-2: Ball 1-2: Foul Ball, location: 2F 1-2: Ball 2-2: SINGLE (Groundball, 15, EV 85.6 MPH) (infield hit)
|
|
Batting: RHB Brock Van Gilder
|
0-0: Ball 1-0: Called Strike 1-1: Ball 2-1: Called Strike Butch Kaiser is caught stealing 2nd base 2-4 2-2: Ball 3-2: Foul Ball, location: 2F 3-2: Foul Ball, location: 2F 3-2: Ground out 6-3 (Groundball, 6MD, EV 101.9 MPH)
|
| Bottom of the 4th over - 0 runs, 1 hit, 0 errors, 0 left on base; New York 0 - Toronto 0 |
| TOP OF THE 5TH |
|
New York Yankees batting - Pitching for Toronto Blue Jays : RHP Justin Sedivy
|
|
Batting: RHB Shiro Suehiro
|
0-0: Called Strike 0-1: Called Strike 0-2: Fly out, F7 (Flyball, 7, EV 90.0 MPH)
|
|
Batting: LHB Joel Vera
|
0-0: Ball 1-0: Ground out 4-3 (Groundball, 34, EV 98.8 MPH)
|
|
Batting: RHB Geni Prawiranega
|
0-0: Ball 1-0: Called Strike 1-1: Ball 2-1: Swinging Strike 2-2: Foul Ball, location: 2F 2-2: Foul Ball, location: 2F 2-2: Strikes out swinging
|
| Top of the 5th over - 0 runs, 0 hits, 0 errors, 0 left on base; New York 0 - Toronto 0 |
| BOTTOM OF THE 5TH |
|
Toronto Blue Jays batting - Pitching for New York Yankees : RHP Bryce Cleavinger
|
|
Batting: LHB Michael Byrd
|
0-0: Called Strike 0-1: Ball 1-1: Ground out 6-3 (Groundball, 4MS, EV 60.0 MPH)
|
|
Batting: RHB Mike Harkins
|
0-0: Called Strike 0-1: Ball 1-1: Swinging Strike 1-2: Strikes out swinging
|
|
Batting: RHB Donny Burnside
|
0-0: Called Strike 0-1: Ball 1-1: Hit by Pitch
|
|
Batting: RHB Danny Burnside
|
0-0: Ball 1-0: Called Strike 1-1: Called Strike Donny Burnside steals 2nd base 1-2: Foul Ball, location: 2F 1-2: Strikes out looking
|
| Bottom of the 5th over - 0 runs, 0 hits, 0 errors, 1 left on base; New York 0 - Toronto 0 |
| TOP OF THE 6TH |
|
New York Yankees batting - Pitching for Toronto Blue Jays : RHP Justin Sedivy
|
|
Batting: RHB Ryan Neal
|
0-0: Foul Ball, location: 2F 0-1: Foul Ball, location: 2F 0-2: Foul Ball, location: 2F 0-2: Ball 1-2: Ball 2-2: Ball 3-2: Strikes out swinging
|
|
Batting: RHB Russ Shambaugh
|
0-0: Ball 1-0: Foul Ball, location: 2F 1-1: Foul Ball, location: 2F 1-2: Fly out, F8 (Line Drive, 8LM, EV 98.1 MPH)
|
|
Batting: RHB Jeckel Hester
|
0-0: Swinging Strike 0-1: Ball 1-1: Ball 2-1: Foul Ball, location: 2F 2-2: SINGLE (Line Drive, 9LS, EV 109.4 MPH)
|
|
Batting: SHB Gus Berry
|
0-0: Ball 1-0: Called Strike Jeckel Hester steals 2nd base 1-1: Ball 2-1: Ball 3-1: Base on Balls
|
|
Batting: SHB Mukhtar Wa'il
|
0-0: Called Strike 0-1: Ball 1-1: Called Strike 1-2: Ball 2-2: Foul Ball, location: 2F 2-2: Strikes out swinging
|
| Top of the 6th over - 0 runs, 1 hit, 0 errors, 2 left on base; New York 0 - Toronto 0 |
| BOTTOM OF THE 6TH |
|
Toronto Blue Jays batting - Pitching for New York Yankees : RHP Bryce Cleavinger
|
|
Batting: RHB Efrain Vargas
|
0-0: Ball 1-0: Swinging Strike 1-1: Ground out 5-3 (Groundball, 56, EV 103.1 MPH)
|
|
Batting: LHB Willis Robles
|
0-0: Called Strike 0-1: Called Strike 0-2: Ball 1-2: Ball 2-2: Ball 3-2: Base on Balls
|
|
Batting: SHB Dominik Hasek II
|
0-0: Called Strike Willis Robles steals 2nd base 0-1: Ground out 6-3 (Groundball, 6, EV 90.0 MPH) Willis Robles to third
|
|
Batting: RHB Butch Kaiser
|
0-0: Foul Ball, location: 2F 0-1: Foul Ball, location: 2F 0-2: Foul Ball, location: 2F 0-2: Ground out 4-3 (Groundball, 4, EV 76.9 MPH)
|
| Bottom of the 6th over - 0 runs, 0 hits, 0 errors, 1 left on base; New York 0 - Toronto 0 |
| TOP OF THE 7TH |
|
New York Yankees batting - Pitching for Toronto Blue Jays : RHP Justin Sedivy
|
|
Batting: RHB Larry Martell
|
0-0: Ground out 4-3 (Groundball, 4MS, EV 85.6 MPH)
|
|
Batting: RHB Shiro Suehiro
|
0-0: Called Strike 0-1: Swinging Strike 0-2: SINGLE (Line Drive, 78S, EV 100.6 MPH)
|
|
Batting: LHB Joel Vera
|
0-0: Foul Ball, location: 2F 0-1: Called Strike 0-2: Strikes out swinging
|
|
Batting: RHB Geni Prawiranega
|
0-0: Ball 1-0: Fly out, F8 (Line Drive, 8LM, EV 91.2 MPH)
|
| Top of the 7th over - 0 runs, 1 hit, 0 errors, 1 left on base; New York 0 - Toronto 0 |
| BOTTOM OF THE 7TH |
|
Toronto Blue Jays batting - Pitching for New York Yankees : RHP Bryce Cleavinger
|
|
Batting: RHB Brock Van Gilder
|
0-0: Called Strike 0-1: Ball 1-1: Ball 2-1: Foul Ball, location: 2F 2-2: Ball 3-2: Strikes out swinging
|
|
Batting: LHB Michael Byrd
|
0-0: Ball 1-0: Ball 2-0: Called Strike 2-1: Swinging Strike 2-2: Foul Ball, location: 2F 2-2: Foul Ball, location: 2F 2-2: Ball 3-2: Base on Balls
|
|
Pitching: LHP Julio Gonzalez
|
|
|
Batting: RHB Mike Harkins
|
0-0: Ball 1-0: Called Strike 1-1: Ball 2-1: Fly out, F7 (Flyball, 7LS, EV 90.6 MPH)
|
|
Batting: RHB Donny Burnside
|
0-0: Ball 1-0: Called Strike Michael Byrd is caught stealing 2nd base 2-4
|
| Bottom of the 7th over - 0 runs, 0 hits, 0 errors, 0 left on base; New York 0 - Toronto 0 |
| TOP OF THE 8TH |
|
New York Yankees batting - Pitching for Toronto Blue Jays : RHP Justin Sedivy
|
|
Pitching: RHP Zach Ault
|
|
|
Pinch Hitting: SHB Bartholomeu Chambino
|
0-0: DOUBLE (Line Drive, 7LS, EV 93.1 MPH)
|
|
Batting: RHB Russ Shambaugh
|
0-0: Called Strike 0-1: Ball 1-1: Ball 2-1: SINGLE (Groundball, 56S, EV 71.9 MPH) (infield hit) Bartholomeu Chambino to third
|
|
Batting: RHB Jeckel Hester
|
0-0: Ball 1-0: Swinging Strike 1-1: Foul Ball, location: 2F 1-2: Ball 2-2: Ball 3-2: Foul Ball, location: 2F 3-2: Strikes out swinging
|
|
Batting: SHB Gus Berry
|
0-0: Called Strike 0-1: Ball 1-1: Called Strike 1-2: Strikes out swinging
|
|
Batting: SHB Mukhtar Wa'il
|
0-0: Ball 1-0: Ball 2-0: Called Strike 2-1: Swinging Strike 2-2: Foul Ball, location: 2F 2-2: Ball 3-2: Strikes out swinging
|
| Top of the 8th over - 0 runs, 2 hits, 0 errors, 2 left on base; New York 0 - Toronto 0 |
| BOTTOM OF THE 8TH |
|
Toronto Blue Jays batting - Pitching for New York Yankees : LHP Julio Gonzalez
|
|
Now at SS: Dan Morris
|
|
|
Batting: RHB Donny Burnside
|
0-0: Fly out, F9 (Flyball, 9, EV 76.2 MPH)
|
|
Batting: RHB Danny Burnside
|
0-0: Ball 1-0: Ball 2-0: Foul Ball, location: 2F 2-1: Ball 3-1: Called Strike 3-2: Base on Balls
|
|
Batting: RHB Efrain Vargas
|
0-0: Swinging Strike Pickoff Throw to First - Out! 1-3 CS 0-1: Ball 1-1: Foul Ball, location: 2F 1-2: SINGLE (Line Drive, 8RS, EV 101.2 MPH)
|
|
Pinch Hitting: RHB Steve Jordan
|
0-0: Called Strike 0-1: Ball 1-1: Swinging Strike 1-2: Strikes out swinging
|
| Bottom of the 8th over - 0 runs, 1 hit, 0 errors, 1 left on base; New York 0 - Toronto 0 |
| TOP OF THE 9TH |
|
New York Yankees batting - Pitching for Toronto Blue Jays : RHP Zach Ault
|
|
Pitching: RHP Hoof Harted
|
|
|
Now in LF: Steve Jordan
|
|
|
Batting: RHB Larry Martell
|
0-0: Ball 1-0: Ball 2-0: SINGLE (Line Drive, 6MD, EV 110.6 MPH)
|
|
Batting: RHB Shiro Suehiro
|
0-0: Foul Ball, location: 2F 0-1: Foul Ball, location: 2F 0-2: Ball 1-2: Ground out 6-3 (Groundball, 6D, EV 103.8 MPH) Larry Martell to second
|
|
Batting: LHB Joel Vera
|
0-0: Intentional Walk
|
|
Batting: RHB Geni Prawiranega
|
0-0: Ball 1-0: Called Strike 1-1: Foul Ball, location: 2F 1-2: Ball 2-2: Ball 3-2: Strikes out swinging
|
|
Batting: LHB Dan Morris
|
0-0: Ball 1-0: Swinging Strike 1-1: Called Strike 1-2: Fly out, F8 (Flyball, 8RM, EV 95.6 MPH)
|
| Top of the 9th over - 0 runs, 1 hit, 0 errors, 2 left on base; New York 0 - Toronto 0 |
| BOTTOM OF THE 9TH |
|
Toronto Blue Jays batting - Pitching for New York Yankees : LHP Julio Gonzalez
|
|
Batting: SHB Dominik Hasek II
|
0-0: Called Strike 0-1: Foul Ball, location: 2F 0-2: Ball 1-2: Foul Ball, location: 2F 1-2: Ball 2-2: Ground out 6-3 (Groundball, 6, EV 83.1 MPH)
|
|
Batting: RHB Butch Kaiser
|
0-0: Foul Ball, location: 2F 0-1: Ground out U3 (Groundball, 34S, EV 78.8 MPH)
|
|
Batting: RHB Brock Van Gilder
|
0-0: Called Strike 0-1: Fly out, F9 (Flyball, 89M, EV 78.8 MPH)
|
| Bottom of the 9th over - 0 runs, 0 hits, 0 errors, 0 left on base; New York 0 - Toronto 0 |
| TOP OF THE 10TH |
|
New York Yankees batting - Pitching for Toronto Blue Jays : RHP Hoof Harted
|
|
Batting: RHB Russ Shambaugh
|
0-0: Ball 1-0: Called Strike 1-1: Swinging Strike 1-2: Ball 2-2: Strikes out swinging
|
|
Batting: RHB Jeckel Hester
|
0-0: Called Strike 0-1: Called Strike 0-2: Ball 1-2: Foul Ball, location: 2F 1-2: Ball 2-2: Foul Ball, location: 2F 2-2: Ball 3-2: Ground out 4-3 (Groundball, 4, EV 101.9 MPH)
|
|
Batting: SHB Gus Berry
|
0-0: Called Strike 0-1: Ball 1-1: DOUBLE (Groundball, 3L, EV 105.0 MPH)
|
|
Batting: SHB Mukhtar Wa'il
|
0-0: Intentional Walk
|
|
Batting: RHB Larry Martell
|
0-0: Foul Ball, location: 2F 0-1: Ball 1-1: Ball 2-1: Ball 3-1: Fly out, F8 (Line Drive, 89M, EV 106.2 MPH)
|
| Top of the 10th over - 0 runs, 1 hit, 0 errors, 2 left on base; New York 0 - Toronto 0 |
| BOTTOM OF THE 10TH |
|
Toronto Blue Jays batting - Pitching for New York Yankees : LHP Julio Gonzalez
|
|
Pitching: LHP Joel Pacheco
|
|
|
Batting: LHB Michael Byrd
|
0-0: Ball 1-0: DOUBLE (Groundball, 5L, EV 108.8 MPH)
|
|
Batting: RHB Mike Harkins
|
0-0: Called Strike 0-1: Ball 1-1: Ball 2-1: DOUBLE (Groundball, 3L, EV 103.8 MPH) Michael Byrd scores
|
| Bottom of the 10th over - 1 run, 2 hits, 0 errors, 1 left on base; New York 0 - Toronto 1 |
|